Map: Romanticide LE

Players

PikaPikaЧЮ

  • Race: Terran Terran

Crag - Winner!

  • Race: Protoss Protoss

VOD

Have the link to the VOD?

Description

Time

  • Played on: Aug. 13, 2021, 7:34 a.m.
  • Length: 5:57
Show
View Real Time Build Order
Export as new Build Order

PikaPikaЧЮ Terran 

Build Orders:  

Get SALT Encoding   

  12  0:04  SCV  
  13  0:16  SCV  
  14  0:28  SCV  
  14  0:31  Supply Depot  
  15  0:52  SCV  
  15  0:56  Barracks  
  16  1:01  Refinery  
  16  1:04  SCV  
  17  1:16  SCV  
  18  1:28  SCV  
  19  1:42  Orbital Command  
  19  1:43  Marine  
  19  1:45  Refinery  
  20  1:58  Command Center  
  20  2:00  Marine  
  21  2:09  SCV  
  21  2:12  Supply Depot  
  22  2:18  Marine  
  23  2:33  SCV  
  24  2:39  Marine  
  24  2:43  Factory  
  25  2:46  SCV  
  26  2:57  Marine, Command Center  
  26  2:58  SCV  
  28  3:10  SCV  
  29  3:15  Orbital Command  
  29  3:16  Barracks  
  29  3:19  Marine  
  30  3:22  SCV  
  31  3:29  Engineering Bay  
  31  3:36  SCV  
  31  3:40  Factory Reactor  
  31  3:41  Starport  
  32  3:47  SCV  
  33  3:49  Barracks Reactor  
  33  3:58  Terran Infantry Weapons Level 1  
  33  4:03  Barracks Tech Lab  
  33  4:05  Barracks  
  33  4:06  SCV x2  
  35  4:14  Orbital Command  
  35  4:18  SCV  
  35  4:23  Marine  
  37  4:26  Barracks  
  37  4:27  Marine  
  37  4:29  Marine  
  39  4:32  SCV  
  39  4:33  SCV  
  41  4:39  Missile Turret  
  41  4:48  Medivac  
  41  4:49  Marine, Medivac  
  41  4:51  Marine  
  45  4:55  Marine  
  45  4:59  Marine  
  46  5:07  Marine  
  46  5:09  Marine  
  46  5:13  Marine  
  49  5:14  Marine  
  49  5:17  Marine  
  48  5:25  Marine  
  48  5:27  Marine  
  47  5:30  SCV  
  47  5:31  SCV x2  
  39  5:36  Barracks Tech Lab  
  29  5:42  SCV  
Show
View Real Time Build Order
Export as new Build Order

Crag Protoss - Winner!

Build Orders: 1 Gate Expand 

Get SALT Encoding   

  12  0:00  Probe  
  13  0:12  Probe  
  14  0:18  Pylon  
  14  0:24  Probe (Chrono Boost)  
  15  0:37  Probe (Chrono Boost)  
  15  0:40  Gateway  
  16  0:45  Probe (Chrono Boost)  
  16  0:49  Assimilator  
  17  0:51  Probe  
  18  1:03  Probe, Pylon  
  19  1:15  Probe  
  20  1:36  Nexus  
  20  1:46  Probe  
  21  1:49  Cybernetics Core  
  21  1:58  Probe  
  22  2:10  Probe  
  22  2:13  Pylon  
  23  2:19  Warp Gate (Chrono Boost)  
  22  2:23  Probe  
  22  2:28  Adept  
  25  2:35  Probe  
  26  2:38  Robotics Facility  
  26  2:43  Gateway  
  26  2:48  Probe  
  27  3:02  Gateway  
  27  3:03  Gateway  
  27  3:08  Stalker  
  27  3:12  Probe  
  30  3:16  Probe  
  31  3:28  Probe  
  31  3:29  Probe  
  31  3:30  Warp Prism (Chrono Boost)  
  35  3:40  Probe  
  35  3:41  Probe  
  37  3:45  Gateway  
  37  3:55  Gateway  
  37  3:58  Stalker  
  37  4:01  Stalker  
  41  4:13  Gateway  
  41  4:15  Gateway  
  41  4:25  Pylon  
  41  4:37  Adept x3  
  41  4:38  Adept  
  49  4:40  Adept  
  51  4:56  Stalker  
  53  5:10  Stalker x2  
  53  5:12  Zealot x2  
  61  5:37  Pylon x2  
  61  5:42  Adept x3  
  57  5:43  Adept x2  
  53  5:52  Nexus  
  53  5:55  Pylon  
Tags
 
Add a new tag
Caveats
  • Supply blocks, unpowered buildings, or Contaminate may cause inaccurate times.
  • Supply counts are checked every 10 seconds.